AoeStats
← black forest or quit

Black Forest

510028050Analyzed
2v2 RM · 2d ago on Sep 29, 2026· 36m 31s· 4 players
Game mode
Random Map
Map size
Medium (4 player)
Population
200
Speed
Normal
Resources
Standard
Victory
Conquest
Starting age
Dark Age
Ending age
Imperial Age
RankedLock teamsTeams togetherTeam positionsShared explorationLock speedFull tech treeHidden civsTurbo modeCheats
Victory
Defeat
🇦🇺 Turks · Australia
1044
+14
🇺🇸 Saxons · United States
957
+17
🇺🇸 Persians · United States
1033
-17
🇺🇸 Mongols · United States
947
-14
black forest or quit
0:30 Loom
9:59 Feudal Age
11:22 Wheelbarrow
10:41 Double-Bit Axe
12:42 Horse Collar
13:46 Gold Mining
21:41 Castle Age
20:20 Stone Mining
22:34 Bow Saw
22:27 Heavy Plow
27:56 Hand Cart
27:39 Fletching
27:50 Padded Archer Armor
28:17 Thumb Ring
31:50 Imperial Age
30:17 Gold Shaft Mining
30:13 Bloodlines
30:31 Forging
30:40 Husbandry
31:18 Scale Barding Armor
30:37 Light Cavalry
33:28 Iron Casting
34:54 Stone Shaft Mining
34:28 Caravan
36:49 Blast Furnace
36:10 Chain Barding Armor
bradleytori531
0:29 Loom
16:07 Feudal Age
16:31 Horse Collar
16:44 Stone Mining
16:46 Gold Mining
16:49 Double-Bit Axe
23:01 Castle Age
23:54 Heavy Plow
24:32 Stone Shaft Mining
24:35 Gold Shaft Mining
24:18 Bow Saw
24:27 Caravan
27:04 Scale Barding Armor
27:10 Forging
28:14 Chain Barding Armor
28:36 Wheelbarrow
30:20 Iron Casting
33:50 Hand Cart
36:05 Imperial Age
thenewt7
0:43 Loom
11:38 Feudal Age
12:10 Double-Bit Axe
12:09 Horse Collar
18:35 Castle Age
18:55 Forging
18:46 Scale Mail Armor
22:34 Heavy Plow
22:48 Bow Saw
28:27 Squires
29:05 Gambesons
31:17 Pikeman
35:59 Imperial Age
34:27 Iron Casting
33:58 Scale Barding Armor
34:10 Chain Mail Armor
34:20 Ballistics
37:10 Plate Mail Armor
Dr z0b
12:09 Loom
15:38 Feudal Age
19:30 Castle Age
18:23 Double-Bit Axe
18:33 Gold Mining
23:48 Imperial Age
22:10 Padded Archer Armor
21:57 Horse Collar
29:49 Leather Archer Armor
Connection lost

Rejoining the realm…

Still unreachable

The connection could not be restored.

Session expired

The server has moved on; the page needs a fresh start.